Oilers vs Devils
(R1)
Created - 5 novembre 2012 at 19:08
Simulating a Pre-Season
Goals
|
| Oilers |
2 |
1 |
0 |
3 |
| Devils |
2 |
0 |
0 |
2 |
|
Shots
|
| Oilers |
13 |
21 |
1 |
35 |
| Devils |
8 |
14 |
8 |
30 |
|
1st period
1. Oilers , Ilya Kovalchuk 2 (Erik Rasmussen) at 6:56
2. Oilers , Steve Begin 1 (Vernon Fiddler, Scott Niedermayer) at 10:34
3. Devils , Peter Prucha 2 (Josef Vasicek, Chris Kunitz) at 11:55
4. Devils , Peter Prucha 3 (Doug Weight) at 19:04 (PP)
Penalties :
Richard Matvichuk (NJD) for Holding (Minor) at 13:54, Scott Niedermayer (Edm) for Hooking (Minor) at 18:32
2nd period
5. Oilers , Eric Nystrom 1 (Pascal Dupuis, Scott Niedermayer) at 18:38
Penalties :
Marian Hossa (NJD) for Holding Stick (Minor) at 0:48, Erik Rasmussen (Edm) for Tripping (Minor) at 6:38
3rd period
No Goal
Penalties :
Lee Stempniak (NJD) for Roughing (Minor) at 0:42, Marty Reasoner (Edm) for Hooking (Minor) at 0:42, Vernon Fiddler (Edm) for Slashing (Minor) at 5:03, Craig Rivet (Edm) for Slashing (Minor) at 11:29
Goalie Stats
Thomas Greiss (Edm), 28 saves from 30 shots - (0,933), W, 1-1-0, 60:00 minutes
Maxime Daigneault (NJD), 32 saves from 35 shots - (0,914), L, 0-1-1, 59:03 minutes
Players Stats for Oilers
Player Name G A P +/- PIM S H SB GA TA FO MP PP MP PK MP
------------------------------------------------------------------------------------
Craig Rivet 0 0 0 1 2 0 3 2 0 1 0/0 15:44 0:28 1:55
Dan Hamhuis 0 0 0 1 0 0 0 2 0 0 0/0 22:34 1:30 1:05
Darren Helm 0 0 0 0 0 0 0 0 0 0 3/6 12:26 0:00 0:44
Eric Nystrom 1 0 1 1 0 2 0 0 0 0 0/0 11:43 0:00 3:09
Erik Rasmussen 0 1 1 0 2 1 3 0 0 0 11/19 19:51 2:06 2:10
Glen Murray 0 0 0 0 0 3 2 2 3 0 1/1 15:22 0:00 0:00
Ian White 0 0 0 0 0 0 2 1 0 0 0/0 23:32 2:00 3:22
Ilya Kovalchuk 1 0 1 0 0 5 4 1 1 0 5/5 20:47 2:06 1:47
Joe Pavelski 0 0 0 0 0 1 1 1 0 0 1/2 14:51 1:52 0:00
Mark Fistric 0 0 0 1 0 1 1 1 0 0 0/0 16:02 1:58 3:05
Marty Reasoner 0 0 0 1 2 2 2 0 0 0 2/3 8:30 0:00 0:00
Pascal Dupuis 0 1 1 1 0 3 1 0 0 1 0/0 10:08 2:06 0:00
Patrick Kaleta 0 0 0 1 0 0 2 0 0 0 0/1 11:29 0:00 0:00
Patrick Marleau 0 0 0 0 0 3 0 0 0 0 0/0 15:31 1:52 0:02
Rob Scuderi 0 0 0 0 0 1 0 2 0 2 0/0 17:34 0:00 3:22
Scott Niedermayer 0 2 2 1 2 4 2 5 1 0 0/0 24:33 2:00 0:09
Steve Begin 1 0 1 1 0 7 2 2 0 0 0/0 14:24 0:00 2:55
Vernon Fiddler 0 1 1 1 2 2 1 1 0 1 4/12 16:26 1:52 2:11
Players Stats for Devils
Player Name G A P +/- PIM S H SB GA TA FO MP PP MP PK MP
------------------------------------------------------------------------------------
Benoit Pouliot 0 0 0 -1 0 1 1 0 0 1 0/0 15:32 0:00 0:14
Chris Kunitz 0 1 1 0 0 4 0 0 1 0 1/2 13:29 2:21 0:00
Chris Pronger 0 0 0 -2 0 2 1 0 0 1 0/0 26:23 2:02 1:23
Dmitri Kalinin 0 0 0 0 0 0 0 2 0 0 0/0 19:54 2:02 2:05
Doug Weight 0 1 1 0 0 1 1 1 0 0 6/7 13:32 2:32 2:19
George Parros 0 0 0 0 0 1 1 0 0 0 0/0 8:16 0:17 0:00
Jonathan Ericsson 0 0 0 -2 0 2 2 0 0 1 0/0 18:51 0:00 0:30
Josef Vasicek 0 1 1 0 0 1 0 0 0 0 3/4 13:01 0:25 0:10
Lee Stempniak 0 0 0 -1 2 2 0 0 0 0 1/1 12:22 0:00 0:00
Marian Hossa 0 0 0 -1 2 3 2 0 0 0 0/0 20:35 3:32 0:33
Olli Jokinen 0 0 0 -1 0 0 4 0 0 0 4/6 13:03 0:39 0:00
Peter Prucha 2 0 2 0 0 3 0 0 0 0 1/1 15:11 2:29 1:06
Raffi Torres 0 0 0 0 0 0 0 0 0 0 0/0 7:42 0:00 0:00
Ramzi Abid 0 0 0 -1 0 2 1 1 0 1 0/0 19:50 3:32 2:23
Richard Matvichuk 0 0 0 0 2 1 0 1 0 0 0/0 11:18 0:00 0:00
Roman Hamrlik 0 0 0 0 0 0 0 2 2 0 0/0 18:58 4:27 1:53
Sergei Zubov 0 0 0 0 0 3 2 0 2 0 0/0 24:41 4:27 2:05
Sydney Crosby 0 0 0 -1 0 4 1 1 0 1 6/28 21:22 3:40 1:11
3 Stars
1 - Peter Prucha (NJD)
2 - Steve Begin (Edm)
3 - Ilya Kovalchuk (Edm)
Power Play
Oilers - 0 on 2 Attempt(s) - 0,00%
Devils - 1 on 4 Attempt(s) - 25,00%
Penalty Kill
Oilers - 3 on 4 Attempt(s) - 75,00%
- Score 0 goal in Penalty Kill
Devils - 2 on 2 Attempt(s) - 100,00%
- Score 0 goal in Penalty Kill
Official
Referees : Leggo Mike and Meier Brad
Linesman : Ryan Galloway and Tim Nowak
Game Notes
No Game Note
Oilers
5 vs 5 Forward
Center Left Wing Right Wing Time % Phy DF OF
1 Erik Rasmussen Ilya Kovalchuk Glen Murray 40 1 1 3
2 Darren Helm Patrick Marleau Joe Pavelski 30 1 1 3
3 Vernon Fiddler Steve Begin Patrick Kaleta 20 2 1 2
4 Marty Reasoner Eric Nystrom Pascal Dupuis 10 0 3 2
5 vs 5 Defense
Defense Defense Time % Phy DF OF
1 Scott Niedermayer Dan Hamhuis 40 1 2 2
2 Ian White Rob Scuderi 30 1 2 2
3 Craig Rivet Mark Fistric 20 1 2 2
4 Scott Niedermayer Ian White 10 0 2 3
PowerPlay Forward
Center Left Wing Right Wing Time % Phy DF OF
1 Erik Rasmussen Ilya Kovalchuk Pascal Dupuis 50 1 1 3
2 Vernon Fiddler Patrick Marleau Joe Pavelski 50 1 1 3
PowerPlay Defense
Defense Defense Time % Phy DF OF
1 Scott Niedermayer Ian White 50 1 2 2
2 Dan Hamhuis Mark Fistric 50 1 2 2
Penalty Kill 4 Players Forward
Center Wing Time % Phy DF OF
1 Erik Rasmussen Steve Begin 50 1 2 2
2 Vernon Fiddler Eric Nystrom 50 1 2 2
Penalty Kill 4 Players Defense
Defense Defense Time % Phy DF OF
1 Craig Rivet Mark Fistric 50 1 2 2
2 Ian White Rob Scuderi 50 1 2 2
Penalty Kill - 3 Players Forward
Forward Time % Phy DF OF
1 Ilya Kovalchuk 60 1 2 2
2 Erik Rasmussen 40 1 2 2
Penalty Kill - 3 Players Defense
Defense Defense Time % Phy DF OF
1 Craig Rivet Mark Fistric 60 1 2 2
2 Ian White Rob Scuderi 40 1 2 2
4 vs 4 Forward
Center Wing Time % Phy DF OF
1 Joe Pavelski Ilya Kovalchuk 50 1 2 2
2 Erik Rasmussen Patrick Marleau 50 1 2 2
4 vs 4 Defense
Defense Defense Time % Phy DF OF
1 Scott Niedermayer Dan Hamhuis 50 1 2 2
2 Ian White Craig Rivet 50 1 2 2
Last Minutes Offensive
Center Left Wing Right Wing Defense Defense
Erik Rasmussen Ilya Kovalchuk Patrick Marleau Scott Niedermayer Ian White
Last Minutes Defensive
Center Left Wing Right Wing Defense Defense
Vernon Fiddler Ilya Kovalchuk Patrick Marleau Scott Niedermayer Ian White
Goaltenders
Starting : Thomas Greiss
Backup : Cam Ward
Extra Forwards
Normal : Patrick Marleau, Glen Murray, Ilya Kovalchuk - PP : Patrick Kaleta, Glen Murray - PK : Ilya Kovalchuk
Extra Defensemen
Normal : Ian White, Scott Niedermayer, Rob Scuderi - PP : Craig Rivet - PK : Dan Hamhuis, Scott Niedermayer
Penalty Shots
Ilya Kovalchuk, Patrick Marleau, Scott Niedermayer, Joe Pavelski, Pascal Dupuis
Devils
5 vs 5 Forward
Center Left Wing Right Wing Time % Phy DF OF
1 Sydney Crosby Benoit Pouliot Marian Hossa 40 1 2 2
2 Olli Jokinen Ramzi Abid Lee Stempniak 30 1 2 2
3 Josef Vasicek Chris Kunitz Peter Prucha 20 1 2 2
4 Doug Weight Raffi Torres George Parros 10 1 2 2
5 vs 5 Defense
Defense Defense Time % Phy DF OF
1 Chris Pronger Jonathan Ericsson 40 1 2 2
2 Dmitri Kalinin Sergei Zubov 30 1 2 2
3 Richard Matvichuk Roman Hamrlik 20 1 2 2
4 Sergei Zubov Chris Pronger 10 1 2 2
PowerPlay Forward
Center Left Wing Right Wing Time % Phy DF OF
1 Sydney Crosby Ramzi Abid Marian Hossa 60 1 2 2
2 Doug Weight Chris Kunitz Peter Prucha 40 1 2 2
PowerPlay Defense
Defense Defense Time % Phy DF OF
1 Sergei Zubov Roman Hamrlik 60 1 2 2
2 Dmitri Kalinin Chris Pronger 40 1 2 2
Penalty Kill 4 Players Forward
Center Wing Time % Phy DF OF
1 Doug Weight Ramzi Abid 60 1 2 2
2 Sydney Crosby Marian Hossa 40 1 2 2
Penalty Kill 4 Players Defense
Defense Defense Time % Phy DF OF
1 Sergei Zubov Dmitri Kalinin 60 1 2 2
2 Chris Pronger Roman Hamrlik 40 1 2 2
Penalty Kill - 3 Players Forward
Forward Time % Phy DF OF
1 Doug Weight 60 1 2 2
2 Sydney Crosby 40 1 2 2
Penalty Kill - 3 Players Defense
Defense Defense Time % Phy DF OF
1 Sergei Zubov Chris Pronger 60 1 2 2
2 Dmitri Kalinin Roman Hamrlik 40 1 2 2
4 vs 4 Forward
Center Wing Time % Phy DF OF
1 Doug Weight Ramzi Abid 60 1 2 2
2 Sydney Crosby Marian Hossa 40 1 2 2
4 vs 4 Defense
Defense Defense Time % Phy DF OF
1 Sergei Zubov Dmitri Kalinin 60 1 2 2
2 Chris Pronger Roman Hamrlik 40 1 2 2
Last Minutes Offensive
Center Left Wing Right Wing Defense Defense
Sydney Crosby Ramzi Abid Marian Hossa Sergei Zubov Chris Pronger
Last Minutes Defensive
Center Left Wing Right Wing Defense Defense
Sydney Crosby Ramzi Abid Marian Hossa Sergei Zubov Chris Pronger
Goaltenders
Starting : Maxime Daigneault
Backup : Ryan Miller
Extra Forwards
Normal : Olli Jokinen, Josef Vasicek, Peter Prucha - PP : Olli Jokinen, Josef Vasicek - PK : Peter Prucha
Extra Defensemen
Normal : Richard Matvichuk, Jonathan Ericsson, Dmitri Kalinin - PP : Richard Matvichuk - PK : Jonathan Ericsson, Dmitri Kalinin
Penalty Shots
Marian Hossa, Sydney Crosby, George Parros, Doug Weight, Olli Jokinen
% Time on Ice - Oilers
Lines # - Real PCT - Wanted PCT - Time Play
Normal Forward
1 - 32% - 40% - 14:44
2 - 26% - 30% - 12:08
3 - 25% - 20% - 11:29
4 - 18% - 10% - 8:13
Normal Defense
1 - 40% - 40% - 18:24
2 - 31% - 30% - 14:15
3 - 24% - 20% - 11:03
4 - 6% - 10% - 2:52
PP Forward
1 - 53% - 50% - 2:06
2 - 47% - 50% - 1:52
PP Defense
1 - 50% - 50% - 2:00
2 - 50% - 50% - 1:58
PK Forward
1 - 47% - 50% - 3:01
2 - 53% - 50% - 3:28
PK Defense
1 - 48% - 50% - 3:07
2 - 52% - 50% - 3:22
PK3 Forward
1 - 0% - 60%
2 - 0% - 40%
PK3 Defense
1 - 0% - 60%
2 - 0% - 40%
44 Forward
1 - 58% - 50% - 1:09
2 - 42% - 50% - 0:50
44 Defense
1 - 54% - 50% - 1:04
2 - 46% - 50% - 0:55
Last Minute Offensive - 0:00
Last Minute Defensive - 1:00
Total
Forward - 60:00
Defense - 60:00
|
% Time on Ice - Devils
Lines # - Real PCT - Wanted PCT - Time Play
Normal Forward
1 - 32% - 40% - 14:55
2 - 28% - 30% - 13:05
3 - 23% - 20% - 10:49
4 - 17% - 10% - 7:42
Normal Defense
1 - 39% - 40% - 18:20
2 - 30% - 30% - 14:04
3 - 24% - 20% - 11:13
4 - 6% - 10% - 2:54
PP Forward
1 - 61% - 60% - 3:57
2 - 39% - 40% - 2:32
PP Defense
1 - 69% - 60% - 4:27
2 - 31% - 40% - 2:02
PK Forward
1 - 70% - 60% - 2:47
2 - 30% - 40% - 1:11
PK Defense
1 - 53% - 60% - 2:05
2 - 47% - 40% - 1:53
PK3 Forward
1 - 0% - 60%
2 - 0% - 40%
PK3 Defense
1 - 0% - 60%
2 - 0% - 40%
44 Forward
1 - 72% - 60% - 1:26
2 - 28% - 40% - 0:33
44 Defense
1 - 79% - 60% - 1:34
2 - 21% - 40% - 0:25
Last Minute Offensive - 1:03
Last Minute Defensive - 0:00
Total
Forward - 60:00
Defense - 60:00
|
Play by Play
1st period
0:01 of 1st period - Ilya Kovalchuk wins face-off versus Sydney Crosby in neutral zone.
0:48 of 1st period - Slapshot by Steve Begin.
0:48 of 1st period - Stopped by Maxime Daigneault without a rebound.
0:49 of 1st period - Josef Vasicek wins face-off versus Patrick Kaleta in Devils zone.
0:58 of 1st period - Snap shot by Sergei Zubov.
0:58 of 1st period - Deflect By Chris Kunitz.
0:58 of 1st period - Shot Blocked by Rob Scuderi.
0:58 of 1st period - Puck is out of play.
0:59 of 1st period - Marty Reasoner wins face-off versus Doug Weight in Oilers zone.
1:25 of 1st period - Ian White is hit by Benoit Pouliot and loses puck.
2:40 of 1st period - Eric Nystrom is hit by Marian Hossa and loses puck.
3:04 of 1st period - Wrist shot by Sydney Crosby.
3:04 of 1st period - Shot Misses the Net.
3:18 of 1st period - Benoit Pouliot is hit by Patrick Kaleta.
3:34 of 1st period - Backhand shot by Sydney Crosby.
3:34 of 1st period - Stopped by Thomas Greiss without a rebound.
3:35 of 1st period - Olli Jokinen wins face-off versus Erik Rasmussen in Oilers zone.
4:00 of 1st period - Chris Kunitz is hit by Scott Niedermayer and loses puck.
4:29 of 1st period - Wrist shot by George Parros.
4:29 of 1st period - Stopped by Thomas Greiss with a rebound.
4:43 of 1st period - Mark Fistric is hit by Jonathan Ericsson.
4:51 of 1st period - Slapshot by Ilya Kovalchuk.
4:51 of 1st period - Shot Misses the Net.
5:49 of 1st period - Snap shot by Marty Reasoner.
5:49 of 1st period - Stopped by Maxime Daigneault without a rebound.
5:50 of 1st period - Glen Murray wins face-off versus Josef Vasicek in Devils zone.
5:53 of 1st period - Snap shot by Glen Murray.
5:53 of 1st period - Stopped by Maxime Daigneault with a rebound.
6:28 of 1st period - Snap shot by Patrick Marleau.
6:28 of 1st period - Stopped by Maxime Daigneault with a rebound.
6:48 of 1st period - Snap shot by Benoit Pouliot.
6:48 of 1st period - Deflect By Sydney Crosby.
6:48 of 1st period - Shot Blocked by Steve Begin.
6:48 of 1st period - Puck is out of play.
6:49 of 1st period - Erik Rasmussen wins face-off versus Sydney Crosby in Oilers zone.
6:54 of 1st period - Wrist shot by Ilya Kovalchuk.
6:54 of 1st period - Stopped by Maxime Daigneault without a rebound.
6:55 of 1st period - Erik Rasmussen wins face-off versus Sydney Crosby in Devils zone.
6:56 of 1st period - Snap shot by Ilya Kovalchuk.
6:56 of 1st period - Goal by Ilya Kovalchuk - Oilers : 1 - Devils : 0.
6:57 of 1st period - Erik Rasmussen wins face-off versus Sydney Crosby in neutral zone.
9:09 of 1st period - Roman Hamrlik is hit by Craig Rivet and loses puck.
9:35 of 1st period - Snap shot by Glen Murray.
9:35 of 1st period - Stopped by Maxime Daigneault without a rebound.
9:36 of 1st period - Darren Helm wins face-off versus Sydney Crosby in Devils zone.
9:37 of 1st period - Snap shot by Patrick Marleau.
9:37 of 1st period - Stopped by Maxime Daigneault with a rebound.
9:43 of 1st period - Snap shot by Benoit Pouliot.
9:43 of 1st period - Shot Blocked by Scott Niedermayer.
9:45 of 1st period - Snap shot by Jonathan Ericsson.
9:45 of 1st period - Shot Misses the Net.
10:01 of 1st period - Ramzi Abid is hit by Erik Rasmussen and loses puck.
10:34 of 1st period - Snap shot by Steve Begin.
10:34 of 1st period - Goal by Steve Begin - Oilers : 2 - Devils : 0.
10:35 of 1st period - Erik Rasmussen wins face-off versus Sydney Crosby in neutral zone.
11:35 of 1st period - Wrist shot by Steve Begin.
11:35 of 1st period - Stopped by Maxime Daigneault with a rebound.
11:53 of 1st period - Slapshot by Peter Prucha.
11:53 of 1st period - Shot Blocked by Glen Murray.
11:55 of 1st period - Slapshot by Peter Prucha.
11:55 of 1st period - Goal by Peter Prucha - Oilers : 2 - Devils : 1.
11:56 of 1st period - Erik Rasmussen wins face-off versus Sydney Crosby in neutral zone.
13:03 of 1st period - Vernon Fiddler is hit by George Parros and loses puck.
13:12 of 1st period - Slapshot by Sergei Zubov.
13:12 of 1st period - Stopped by Thomas Greiss with a rebound.
13:14 of 1st period - Slapshot by Chris Pronger.
13:14 of 1st period - Shot Blocked by Steve Begin.
13:16 of 1st period - Wrist shot by Doug Weight.
13:16 of 1st period - Shot Misses the Net.
13:51 of 1st period - Wrist shot by Joe Pavelski.
13:51 of 1st period - Deflect By Patrick Marleau.
13:51 of 1st period - Stopped by Maxime Daigneault with a rebound.
13:54 of 1st period - Minor Penalty to Richard Matvichuk for Holding.
13:55 of 1st period - Doug Weight wins face-off versus Erik Rasmussen in Devils zone.
14:04 of 1st period - Wrist shot by Ramzi Abid.
14:04 of 1st period - Deflect By Doug Weight.
14:04 of 1st period - Stopped by Thomas Greiss with a rebound.
14:28 of 1st period - Wrist shot by Patrick Marleau.
14:28 of 1st period - Shot Misses the Net.
15:19 of 1st period - Ilya Kovalchuk is hit by Sydney Crosby.
15:39 of 1st period - Roman Hamrlik is hit by Mark Fistric.
15:54 of 1st period - Penalty to Richard Matvichuk is over, Richard Matvichuk is back on ice.
16:57 of 1st period - Rob Scuderi is hit by Olli Jokinen.
17:50 of 1st period - Marty Reasoner is hit by Olli Jokinen and loses puck.
18:32 of 1st period - Minor Penalty to Scott Niedermayer for Hooking.
18:33 of 1st period - Vernon Fiddler wins face-off versus Sydney Crosby in Oilers zone.
19:02 of 1st period - Slapshot by Chris Kunitz.
19:02 of 1st period - Stopped by Thomas Greiss without a rebound.
19:03 of 1st period - Doug Weight wins face-off versus Vernon Fiddler in Oilers zone.
19:04 of 1st period - Slapshot by Peter Prucha.
19:04 of 1st period - Goal by Peter Prucha - Oilers : 2 - Devils : 2.
19:05 of 1st period - Erik Rasmussen wins face-off versus Sydney Crosby in neutral zone.
19:16 of 1st period - Erik Rasmussen is hit by Chris Pronger and loses puck.
19:21 of 1st period - Slapshot by Benoit Pouliot.
19:21 of 1st period - Stopped by Thomas Greiss without a rebound.
19:22 of 1st period - Darren Helm wins face-off versus Olli Jokinen in Oilers zone.
19:33 of 1st period - Slapshot by Scott Niedermayer.
19:33 of 1st period - Stopped by Maxime Daigneault without a rebound.
19:34 of 1st period - Erik Rasmussen wins face-off versus Sydney Crosby in Devils zone.
19:45 of 1st period - Slapshot by Glen Murray.
19:45 of 1st period - Stopped by Maxime Daigneault with a rebound.
2nd period
0:01 of 2nd period - Ilya Kovalchuk wins face-off versus Sydney Crosby in neutral zone.
0:10 of 2nd period - Wrist shot by Marian Hossa.
0:10 of 2nd period - Shot Misses the Net.
0:12 of 2nd period - Wrist shot by Chris Pronger.
0:12 of 2nd period - Stopped by Thomas Greiss with a rebound.
0:14 of 2nd period - Snap shot by Sydney Crosby.
0:14 of 2nd period - Shot Blocked by Ilya Kovalchuk.
0:16 of 2nd period - Slapshot by Chris Pronger.
0:16 of 2nd period - Stopped by Thomas Greiss without a rebound.
0:17 of 2nd period - Olli Jokinen wins face-off versus Darren Helm in Oilers zone.
0:28 of 2nd period - Snap shot by Ramzi Abid.
0:28 of 2nd period - Deflect By Lee Stempniak.
0:28 of 2nd period - Stopped by Thomas Greiss with a rebound.
0:30 of 2nd period - Slapshot by Jonathan Ericsson.
0:30 of 2nd period - Shot Misses the Net.
0:48 of 2nd period - Minor Penalty to Marian Hossa for Holding Stick.
0:49 of 2nd period - Doug Weight wins face-off versus Vernon Fiddler in Devils zone.
1:00 of 2nd period - Doug Weight is hit by Vernon Fiddler and loses puck.
1:29 of 2nd period - Slapshot by Scott Niedermayer.
1:29 of 2nd period - Deflect By Pascal Dupuis.
1:29 of 2nd period - Shot Blocked by Dmitri Kalinin.
1:29 of 2nd period - Puck is out of play.
1:30 of 2nd period - Doug Weight wins face-off versus Erik Rasmussen in Devils zone.
1:30 of 2nd period - Doug Weight is hit by Ilya Kovalchuk.
1:52 of 2nd period - Snap shot by Ilya Kovalchuk.
1:52 of 2nd period - Stopped by Maxime Daigneault with a rebound.
1:54 of 2nd period - Wrist shot by Ilya Kovalchuk.
1:54 of 2nd period - Shot Misses the Net.
1:58 of 2nd period - Snap shot by Ilya Kovalchuk.
1:58 of 2nd period - Shot Misses the Net.
2:00 of 2nd period - Slapshot by Ian White.
2:00 of 2nd period - Shot Misses the Net.
2:04 of 2nd period - Wrist shot by Erik Rasmussen.
2:04 of 2nd period - Shot Blocked by Ramzi Abid.
2:06 of 2nd period - Slapshot by Dan Hamhuis.
2:06 of 2nd period - Shot Blocked by Roman Hamrlik.
2:08 of 2nd period - Wrist shot by Erik Rasmussen.
2:08 of 2nd period - Stopped by Maxime Daigneault with a rebound.
2:10 of 2nd period - Slapshot by Scott Niedermayer.
2:10 of 2nd period - Stopped by Maxime Daigneault without a rebound.
2:11 of 2nd period - Vernon Fiddler wins face-off versus Sydney Crosby in Devils zone.
2:20 of 2nd period - Snap shot by Scott Niedermayer.
2:20 of 2nd period - Stopped by Maxime Daigneault with a rebound.
2:22 of 2nd period - Snap shot by Scott Niedermayer.
2:22 of 2nd period - Stopped by Maxime Daigneault with a rebound.
2:24 of 2nd period - Snap shot by Ian White.
2:24 of 2nd period - Shot Misses the Net.
2:48 of 2nd period - Penalty to Marian Hossa is over, Marian Hossa is back on ice.
3:32 of 2nd period - Backhand shot by Ramzi Abid.
3:32 of 2nd period - Deflect By Lee Stempniak.
3:32 of 2nd period - Stopped by Thomas Greiss with a rebound.
4:04 of 2nd period - Backhand shot by Patrick Marleau.
4:04 of 2nd period - Shot Blocked by Dmitri Kalinin.
4:20 of 2nd period - Wrist shot by Chris Kunitz.
4:20 of 2nd period - Stopped by Thomas Greiss with a rebound.
4:22 of 2nd period - Snap shot by Josef Vasicek.
4:22 of 2nd period - Shot Misses the Net.
4:24 of 2nd period - Backhand shot by Dmitri Kalinin.
4:24 of 2nd period - Shot Blocked by Dan Hamhuis.
4:26 of 2nd period - Wrist shot by Josef Vasicek.
4:26 of 2nd period - Stopped by Thomas Greiss with a rebound.
4:36 of 2nd period - Olli Jokinen is hit by Ilya Kovalchuk and loses puck.
4:43 of 2nd period - Ilya Kovalchuk is hit by Olli Jokinen and loses puck.
5:12 of 2nd period - Slapshot by Joe Pavelski.
5:12 of 2nd period - Stopped by Maxime Daigneault without a rebound.
5:13 of 2nd period - Josef Vasicek wins face-off versus Darren Helm in Devils zone.
6:00 of 2nd period - Slapshot by Ian White.
6:00 of 2nd period - Shot Misses the Net.
6:10 of 2nd period - Slapshot by Sergei Zubov.
6:10 of 2nd period - Shot Blocked by Vernon Fiddler.
6:20 of 2nd period - Raffi Torres is hit by Pascal Dupuis and loses puck.
6:27 of 2nd period - Snap shot by Eric Nystrom.
6:27 of 2nd period - Deflect By Pascal Dupuis.
6:27 of 2nd period - Shot Misses the Net.
6:27 of 2nd period - Puck is out of play.
6:28 of 2nd period - Erik Rasmussen wins face-off versus Sydney Crosby in Devils zone.
6:31 of 2nd period - Snap shot by Glen Murray.
6:31 of 2nd period - Shot Blocked by Sydney Crosby.
6:33 of 2nd period - Slapshot by Mark Fistric.
6:33 of 2nd period - Stopped by Maxime Daigneault with a rebound.
6:35 of 2nd period - Snap shot by Glen Murray.
6:35 of 2nd period - Deflect By Ilya Kovalchuk.
6:35 of 2nd period - Shot Misses the Net.
6:35 of 2nd period - Puck is out of play.
6:36 of 2nd period - Sydney Crosby wins face-off versus Erik Rasmussen in Devils zone.
6:38 of 2nd period - Minor Penalty to Erik Rasmussen for Tripping.
6:39 of 2nd period - Sydney Crosby wins face-off versus Vernon Fiddler in Oilers zone.
7:26 of 2nd period - Snap shot by Ramzi Abid.
7:26 of 2nd period - Stopped by Thomas Greiss without a rebound.
7:27 of 2nd period - Vernon Fiddler wins face-off versus Chris Kunitz in Oilers zone.
7:38 of 2nd period - Backhand shot by Chris Kunitz.
7:38 of 2nd period - Stopped by Thomas Greiss without a rebound.
7:39 of 2nd period - Doug Weight wins face-off versus Vernon Fiddler in Oilers zone.
7:50 of 2nd period - Slapshot by Eric Nystrom.
7:50 of 2nd period - Stopped by Maxime Daigneault with a rebound.
7:52 of 2nd period - Snap shot by Vernon Fiddler.
7:52 of 2nd period - Stopped by Maxime Daigneault without a rebound.
7:53 of 2nd period - Ilya Kovalchuk wins face-off versus Sydney Crosby in Devils zone.
7:54 of 2nd period - Wrist shot by Steve Begin.
7:54 of 2nd period - Stopped by Maxime Daigneault with a rebound.
7:56 of 2nd period - Slapshot by Steve Begin.
7:56 of 2nd period - Stopped by Maxime Daigneault with a rebound.
7:58 of 2nd period - Slapshot by Steve Begin.
7:58 of 2nd period - Deflect By Ilya Kovalchuk.
7:58 of 2nd period - Stopped by Maxime Daigneault without a rebound.
7:59 of 2nd period - Ilya Kovalchuk wins face-off versus Sydney Crosby in Devils zone.
8:02 of 2nd period - Snap shot by Steve Begin.
8:02 of 2nd period - Stopped by Maxime Daigneault with a rebound.
8:04 of 2nd period - Snap shot by Rob Scuderi.
8:04 of 2nd period - Shot Blocked by Roman Hamrlik.
8:38 of 2nd period - Penalty to Erik Rasmussen is over, Erik Rasmussen is back on ice.
8:46 of 2nd period - Slapshot by Sydney Crosby.
8:46 of 2nd period - Stopped by Thomas Greiss without a rebound.
8:47 of 2nd period - Sydney Crosby wins face-off versus Erik Rasmussen in Oilers zone.
8:48 of 2nd period - Snap shot by Marian Hossa.
8:48 of 2nd period - Stopped by Thomas Greiss with a rebound.
9:14 of 2nd period - Wrist shot by Ramzi Abid.
9:14 of 2nd period - Shot Misses the Net.
9:56 of 2nd period - Glen Murray is hit by Sergei Zubov.
10:02 of 2nd period - Snap shot by Marian Hossa.
10:02 of 2nd period - Stopped by Thomas Greiss with a rebound.
11:16 of 2nd period - Wrist shot by Ilya Kovalchuk.
11:16 of 2nd period - Stopped by Maxime Daigneault with a rebound.
11:42 of 2nd period - Wrist shot by Eric Nystrom.
11:42 of 2nd period - Shot Blocked by Doug Weight.
11:44 of 2nd period - Backhand shot by Mark Fistric.
11:44 of 2nd period - Shot Misses the Net.
11:46 of 2nd period - Slapshot by Pascal Dupuis.
11:46 of 2nd period - Stopped by Maxime Daigneault without a rebound.
11:47 of 2nd period - Darren Helm wins face-off versus Sydney Crosby in Devils zone.
12:14 of 2nd period - Ramzi Abid is hit by Erik Rasmussen and loses puck.
12:21 of 2nd period - Glen Murray is hit by Olli Jokinen and loses puck.
12:28 of 2nd period - Olli Jokinen is hit by Scott Niedermayer and loses puck.
12:46 of 2nd period - Wrist shot by Pascal Dupuis.
12:46 of 2nd period - Stopped by Maxime Daigneault with a rebound.
12:48 of 2nd period - Slapshot by Rob Scuderi.
12:48 of 2nd period - Stopped by Maxime Daigneault with a rebound.
12:50 of 2nd period - Wrist shot by Pascal Dupuis.
12:50 of 2nd period - Shot Blocked by Richard Matvichuk.
13:31 of 2nd period - Wrist shot by Sydney Crosby.
13:31 of 2nd period - Shot Blocked by Craig Rivet.
13:47 of 2nd period - Wrist shot by Glen Murray.
13:47 of 2nd period - Shot Misses the Net.
14:59 of 2nd period - Snap shot by Olli Jokinen.
14:59 of 2nd period - Shot Misses the Net.
15:13 of 2nd period - Snap shot by Eric Nystrom.
15:13 of 2nd period - Deflect By Marty Reasoner.
15:13 of 2nd period - Stopped by Maxime Daigneault without a rebound.
15:14 of 2nd period - Marty Reasoner wins face-off versus Sydney Crosby in Devils zone.
15:27 of 2nd period - Snap shot by Pascal Dupuis.
15:27 of 2nd period - Stopped by Maxime Daigneault with a rebound.
15:55 of 2nd period - Snap shot by Sydney Crosby.
15:55 of 2nd period - Shot Blocked by Dan Hamhuis.
16:13 of 2nd period - Slapshot by Marian Hossa.
16:13 of 2nd period - Shot Blocked by Scott Niedermayer.
16:15 of 2nd period - Slapshot by Jonathan Ericsson.
16:15 of 2nd period - Stopped by Thomas Greiss with a rebound.
16:17 of 2nd period - Wrist shot by Sydney Crosby.
16:17 of 2nd period - Shot Misses the Net.
16:19 of 2nd period - Snap shot by Benoit Pouliot.
16:19 of 2nd period - Shot Misses the Net.
16:21 of 2nd period - Snap shot by Marian Hossa.
16:21 of 2nd period - Stopped by Thomas Greiss with a rebound.
16:23 of 2nd period - Snap shot by Sydney Crosby.
16:23 of 2nd period - Stopped by Thomas Greiss without a rebound.
16:24 of 2nd period - Erik Rasmussen wins face-off versus Olli Jokinen in Oilers zone.
16:29 of 2nd period - Dmitri Kalinin is hit by Ian White and loses puck.
17:21 of 2nd period - Snap shot by Doug Weight.
17:21 of 2nd period - Shot Misses the Net.
18:09 of 2nd period - Doug Weight is hit by Ilya Kovalchuk.
18:38 of 2nd period - Snap shot by Pascal Dupuis.
18:38 of 2nd period - Deflect By Eric Nystrom.
18:38 of 2nd period - Goal by Eric Nystrom - Oilers : 3 - Devils : 2.
18:39 of 2nd period - Erik Rasmussen wins face-off versus Sydney Crosby in neutral zone.
19:04 of 2nd period - Marian Hossa is hit by Steve Begin and loses puck.
19:11 of 2nd period - Slapshot by Vernon Fiddler.
19:11 of 2nd period - Stopped by Maxime Daigneault without a rebound.
19:12 of 2nd period - Olli Jokinen wins face-off versus Erik Rasmussen in Devils zone.
3rd period
0:01 of 3rd period - Sydney Crosby wins face-off versus Erik Rasmussen in neutral zone.
0:42 of 3rd period - Minor Penalty to Lee Stempniak for Roughing.
0:42 of 3rd period - Minor Penalty to Marty Reasoner for Hooking.
0:43 of 3rd period - Doug Weight wins face-off versus Joe Pavelski in neutral zone.
0:48 of 3rd period - Wrist shot by Doug Weight.
0:48 of 3rd period - Shot Misses the Net.
1:33 of 3rd period - Slapshot by Sergei Zubov.
1:33 of 3rd period - Stopped by Thomas Greiss without a rebound.
1:34 of 3rd period - Joe Pavelski wins face-off versus Sydney Crosby in Oilers zone.
1:57 of 3rd period - Roman Hamrlik is hit by Erik Rasmussen and loses puck.
2:36 of 3rd period - Slapshot by Sergei Zubov.
2:36 of 3rd period - Shot Blocked by Joe Pavelski.
2:38 of 3rd period - Slapshot by Dmitri Kalinin.
2:38 of 3rd period - Shot Blocked by Ian White.
2:42 of 3rd period - Penalty to Lee Stempniak is over, Lee Stempniak is back on ice.
2:42 of 3rd period - Penalty to Marty Reasoner is over, Marty Reasoner is back on ice.
3:09 of 3rd period - Scott Niedermayer is hit by Sergei Zubov and loses puck.
3:16 of 3rd period - Chris Kunitz is hit by Marty Reasoner.
3:26 of 3rd period - Ramzi Abid is hit by Glen Murray and loses puck.
4:03 of 3rd period - Slapshot by Steve Begin.
4:03 of 3rd period - Stopped by Maxime Daigneault without a rebound.
4:04 of 3rd period - Chris Kunitz wins face-off versus Vernon Fiddler in Devils zone.
4:36 of 3rd period - Snap shot by Jonathan Ericsson.
4:36 of 3rd period - Shot Misses the Net.
4:38 of 3rd period - Wrist shot by Jonathan Ericsson.
4:38 of 3rd period - Shot Misses the Net.
4:40 of 3rd period - Wrist shot by Chris Pronger.
4:40 of 3rd period - Shot Blocked by Craig Rivet.
4:42 of 3rd period - Wrist shot by Chris Pronger.
4:42 of 3rd period - Shot Blocked by Mark Fistric.
4:44 of 3rd period - Slapshot by Peter Prucha.
4:44 of 3rd period - Shot Misses the Net.
4:46 of 3rd period - Snap shot by Jonathan Ericsson.
4:46 of 3rd period - Deflect By Chris Kunitz.
4:46 of 3rd period - Stopped by Thomas Greiss with a rebound.
4:52 of 3rd period - Wrist shot by Josef Vasicek.
4:52 of 3rd period - Shot Misses the Net.
5:03 of 3rd period - Minor Penalty to Vernon Fiddler for Slashing.
5:04 of 3rd period - Ilya Kovalchuk wins face-off versus Sydney Crosby in Oilers zone.
7:03 of 3rd period - Penalty to Vernon Fiddler is over, Vernon Fiddler is back on ice.
7:19 of 3rd period - Glen Murray is hit by Jonathan Ericsson and loses puck.
8:36 of 3rd period - Peter Prucha is hit by Joe Pavelski.
9:24 of 3rd period - Icing by Scott Niedermayer.
9:25 of 3rd period - Sydney Crosby wins face-off versus Marty Reasoner in Oilers zone.
9:30 of 3rd period - Snap shot by Josef Vasicek.
9:30 of 3rd period - Deflect By Peter Prucha.
9:30 of 3rd period - Shot Blocked by Scott Niedermayer.
9:30 of 3rd period - Puck is out of play.
9:31 of 3rd period - Peter Prucha wins face-off versus Darren Helm in Oilers zone.
11:28 of 3rd period - Snap shot by Peter Prucha.
11:28 of 3rd period - Stopped by Thomas Greiss with a rebound.
11:29 of 3rd period - Minor Penalty to Craig Rivet for Slashing.
11:30 of 3rd period - Erik Rasmussen wins face-off versus Sydney Crosby in Oilers zone.
11:30 of 3rd period - Erik Rasmussen is hit by Marian Hossa.
11:46 of 3rd period - Vernon Fiddler is hit by Ramzi Abid and loses puck.
11:57 of 3rd period - Dan Hamhuis is hit by Doug Weight.
13:29 of 3rd period - Penalty to Craig Rivet is over, Craig Rivet is back on ice.
13:59 of 3rd period - Ramzi Abid is hit by Ian White and loses puck.
14:34 of 3rd period - Benoit Pouliot is hit by Craig Rivet.
14:46 of 3rd period - George Parros is hit by Ilya Kovalchuk.
15:28 of 3rd period - Josef Vasicek is hit by Marty Reasoner and loses puck.
16:31 of 3rd period - Dmitri Kalinin is hit by Craig Rivet and loses puck.
16:41 of 3rd period - Icing by Roman Hamrlik.
16:42 of 3rd period - Lee Stempniak wins face-off versus Vernon Fiddler in Devils zone.
16:57 of 3rd period - George Parros is hit by Glen Murray.
17:07 of 3rd period - Off-side.
17:08 of 3rd period - Sydney Crosby wins face-off versus Vernon Fiddler in neutral zone.
17:17 of 3rd period - Sergei Zubov is hit by Patrick Kaleta and loses puck.
17:21 of 3rd period - Benoit Pouliot is hit by Steve Begin and loses puck.
17:34 of 3rd period - Slapshot by Sergei Zubov.
17:34 of 3rd period - Stopped by Thomas Greiss with a rebound.
17:36 of 3rd period - Snap shot by Josef Vasicek.
17:36 of 3rd period - Deflect By Peter Prucha.
17:36 of 3rd period - Shot Blocked by Glen Murray.
17:36 of 3rd period - Puck is out of play.
17:37 of 3rd period - Josef Vasicek wins face-off versus Erik Rasmussen in Oilers zone.
17:42 of 3rd period - Wrist shot by Peter Prucha.
17:42 of 3rd period - Shot Blocked by Scott Niedermayer.
18:12 of 3rd period - Snap shot by Richard Matvichuk.
18:12 of 3rd period - Shot Misses the Net.
18:14 of 3rd period - Slapshot by Richard Matvichuk.
18:14 of 3rd period - Shot Misses the Net.
18:16 of 3rd period - Slapshot by Richard Matvichuk.
18:16 of 3rd period - Stopped by Thomas Greiss without a rebound.
18:17 of 3rd period - Olli Jokinen wins face-off versus Vernon Fiddler in Oilers zone.
18:28 of 3rd period - Snap shot by Ramzi Abid.
18:28 of 3rd period - Deflect By Ian White.
18:28 of 3rd period - Stopped by Thomas Greiss with a rebound.
18:30 of 3rd period - Snap shot by Jonathan Ericsson.
18:30 of 3rd period - Stopped by Thomas Greiss with a rebound.
18:32 of 3rd period - Slapshot by Jonathan Ericsson.
18:32 of 3rd period - Shot Blocked by Rob Scuderi.
19:03 of 3rd period - Devils, Maxime Daigneault is pulled from the net.
19:11 of 3rd period - Slapshot by Ramzi Abid.
19:11 of 3rd period - Deflect By Sydney Crosby.
19:11 of 3rd period - Stopped by Thomas Greiss without a rebound.
19:12 of 3rd period - Mike Keenan call a timeout for Devils.
19:12 of 3rd period - Vernon Fiddler wins face-off versus Sydney Crosby in Oilers zone.
19:21 of 3rd period - Snap shot by Ian White.
19:21 of 3rd period - Shot Misses the Net.
19:47 of 3rd period - Snap shot by Ramzi Abid.
19:47 of 3rd period - Shot Blocked by Scott Niedermayer.
Output by the SimonT Hockey Simulator (STHS) for François Prévost -- Original Page W3C XHTML 1.0 Valid